 Dungeon Crawl Stone Soup version 0.27.0-1-g7a089689b8 (webtiles) character file.

Game seed: 13153860430165503221

1455 Mjolnir the Grave Robber (level 8, -5/69 HPs)
             Began as a Deep Dwarf Necromancer on Aug 8, 2021.
             Killed from afar by Maggie (25 damage)
             ... with a bolt of fire
             ... on level 6 of the Dungeon.
             The game lasted 00:46:23 (6620 turns).

Mjolnir the Grave Robber (Deep Dwarf Necromancer)   Turns: 6620, Time: 00:46:24

Health: -5/69      AC:  7    Str: 11    XL:     8   Next: 47%
Magic:  11/17      EV: 14    Int: 25    God:
Gold:   250        SH:  0    Dex: 13    Spells: 15/19 levels left

rFire    . . .     SeeInvis .   a - +1 dagger (venom)
rCold    + . .     Faith    .   (no shield)
rNeg     . . .     Spirit   .   d - +0 robe
rPois    .         Reflect  .   D - +0 helmet
rElec    .         Harm     .   m - +0 cloak
rCorr    .         Rampage  .   (no gloves)
Will     +....                  p - +2 pair of boots
Stlth    ++........             (no amulet)
HPRegen  0.00/turn              o - +6 ring of intelligence
MPRegen  0.15/turn              A - ring of protection from cold

@: mesmerised
A: damage resistance, heal wounds, sense surroundings 1, no regeneration
a: Heal Wounds


You were on level 6 of the Dungeon.
You visited 1 branch of the dungeon, and saw 6 of its levels.

You collected 250 gold pieces.

Inventory:

Hand Weapons
 a - a +1 dagger of venom (weapon)
 b - a +1 vorpal spear
 c - a +0 quarterstaff
 i - a +0 halberd
 I - a +0 glaive
 K - a +1 whip of draining
Missiles
 g - 76 bolts
 l - 123 stones
 q - 58 arrows
 u - 13 poisoned darts
 y - 5 boomerangs
Armour
 d - a +0 robe (worn)
 m - a +0 cloak (worn)
 p - a +2 pair of boots (worn)
 D - a +0 helmet (worn)
 F - +0 steam dragon scales
Magical Staves
 B - a staff of earth
Jewellery
 h - a ring of flight
 o - a +6 ring of intelligence (left hand)
 A - a ring of protection from cold (right hand)
 E - an amulet of the acrobat
Wands
 x - a wand of polymorph (8)
 H - a wand of flame (14)
Scrolls
 e - 5 scrolls of identify {unknown}
 j - 2 scrolls of vulnerability {unknown}
 n - 2 scrolls of teleportation {unknown}
 s - a scroll of amnesia {unknown}
 v - 2 scrolls of blinking {unknown}
 G - a scroll of fog {unknown}
 J - a scroll of summoning {unknown}
Potions
 f - a potion of cancellation {unknown}
 k - a potion of degeneration {unknown}
 r - a potion of lignification {unknown}
 t - 5 potions of curing {unknown}
 w - 2 potions of resistance {unknown}
 z - a potion of flight {unknown}
 C - a potion of ambrosia {unknown}


   Skills:
 * Level 3.4 Fighting
 * Level 5.2 Dodging
 + Level 3.2 Stealth
 * Level 6.1 Spellcasting
 + Level 6.8 Necromancy


You had 15 spell levels left.
You knew the following spells:

 Your Spells              Type           Power      Damage    Failure   Level
a - Pain                  Necr           100%       1d9       1%          1
d - Vampiric Draining     Necr           21%        2d9       1%          3

Your spell library contained the following spells:

 Spells                   Type           Power      Damage    Failure   Level
 Animate Skeleton         Necr           84%        N/A       1%          1
 Sublimation of Blood     Necr           21%        N/A       1%          2
 Animate Dead             Necr           21%        N/A       4%          4
 Agony                    Necr           42%        N/A       12%         5
 Petrify                  Tmut/Erth      7%         N/A       58%         4
 Irradiate                Conj/Tmut      3%         3d15      90%         5
 Haunt                    Necr/Summ      12%        N/A       100%        7
 Infestation              Necr           21%        N/A       100%        8


Dungeon Overview and Level Annotations

Branches:
Dungeon (6/15)
 Temple: D:4-7

Altars:

Shops:
D:3 [

Annotations:
D:3 Grinder
D:5 2 transporters, ratboy's ghost, novice HOGl
D:6 1 runed translucent door, Crazy Yiuf; Dowan; Maggie


Innate Abilities, Weirdness & Mutations

You are resistant to damage.
You can heal yourself by infusing magical energy.
You passively map a small area around you.
You do not regenerate.


Message History

Okay, then.
A jelly comes into view.
The jelly moves out of view.
Maggie shouts!
Maggie mumbles some strange words.
Maggie attempts to bespell you! You resist with almost no effort.
Maggie casts a spell.
Maggie attempts to bespell you!
You are mesmerised by Maggie!
You cannot move away from Maggie!
You cannot move away from Maggie!
You cannot move away from Maggie!
You cannot move away from Maggie!
Maggie hits you from afar with a +0 halberd.
Maggie closely misses you.
Casting: Vampiric Draining (safe; 1% risk of failure)
Confirm with . or Enter, or press ? or * to list all spells.
Aiming: Vampiric Draining (safe; 1% risk of failure)
Press: ? - help, Shift-Dir - straight line, f - Maggie
Aim: Maggie, wielding a +0 halberd and wearing +0 steam dragon scales (mesmerising)
You draw life force from Maggie!
You feel life coursing into your body. Maggie hits you with a +0 halberd.
Casting: Vampiric Draining (safe; 1% risk of failure)
Confirm with . or Enter, or press ? or * to list all spells.
Aiming: Vampiric Draining (safe; 1% risk of failure)
Press: ? - help, Shift-Dir - straight line, f/p - Maggie
Aim: Maggie, wielding a +0 halberd and wearing +0 steam dragon scales (moderately wounded, mesmerising)
You draw life force from Maggie.
You feel life coursing into your body. Maggie casts a spell at you.
The bolt of fire hits you!
* * * LOW HITPOINT WARNING * * *
You barely miss Maggie.
Maggie is moderately wounded.
The jelly barely misses you. Maggie barely misses you.
You hit Maggie but do no damage.
Maggie is poisoned.
Maggie is moderately wounded.
The jelly hits you but does no damage.
Maggie points at you and mumbles some strange words.
The bolt of fire hits you!!
You die...

#..........###.................
#...........##...........#####.
#.......................######.
#..........#..................#
#......................Z####.#*
##############...............#.
#.#......<)###....
#........##....#
####@................
#..@J....[..........#
#....................
#......................#.
#..................#.###.
####..............#..# *
#...#............##
#..............####
###+###.........


You could see Maggie (mesmerising, poisoned) and a jelly.

Vanquished Creatures
  Sigmund (D:3)
  A steam dragon (D:6)
  A sky beast (D:6)
  A black bear (D:4)
  A centaur (D:6)
  2 phantoms
  Blork the orc (D:6)
  A bullfrog (D:6)
  A scorpion (D:4)
  A centaur zombie (D:6)
  2 jellies
  2 hounds
  2 orc priests
  A bullfrog skeleton (D:4)
  2 iguanas
  3 orc wizards
  A hound zombie (D:5)
  4 gnolls (D:2)
  4 adders
  2 ufetubi
  An adder skeleton (D:2)
  2 adder zombies (D:2)
  2 worms (D:2)
  2 dart slugs
  9 orcs
  10 ball pythons
  A bat zombie (D:2)
  7 endoplasms
  4 giant cockroaches
  4 goblins
  10 hobgoblins
  12 jackals
  A quokka (D:4)
  A ball python skeleton (D:2)
  2 ball python zombies (D:2)
  3 bats (D:2)
  2 frilled lizards (D:1)
  6 kobolds
  9 rats
122 creatures vanquished.

Vanquished Creatures (others)
  2 fungi (D:6)
2 creatures vanquished.

Grand Total: 124 creatures vanquished

Notes
Turn   | Place    | Note
-------+----------+-------------------------------------------
     0 | D:1      | Mjolnir the Deep Dwarf Necromancer began the quest for the
                  | Orb.
     0 | D:1      | Reached XP level 1. HP: 15/15 MP: 3/3
   625 | D:1      | Reached XP level 2. HP: 17/22 MP: 4/4
   633 | D:1      | Found a faded altar of an unknown god.
  1087 | D:2      | Reached XP level 3. HP: 17/30 MP: 1/6
  1149 | D:2      | Learned a level 3 spell: Vampiric Draining
  1667 | D:2      | Reached skill level 5 in Necromancy
  1864 | D:2      | Reached XP level 4. HP: 16/37 MP: 3/7
  1869 | D:2      | Reached skill level 1 in Fighting
  2432 | D:3      | Found Pegg's Antique Armour Shoppe.
  2520 | D:3      | Noticed Sigmund
  2527 | D:3      | Killed Sigmund
  2528 | D:3      | Reached XP level 5. HP: 26/45 MP: 2/10
  2573 | D:3      | Noticed Grinder
  2592 | D:3      | Paralysed by Grinder for 4 turns
  2609 | D:3      | Paralysed by Grinder for 4 turns
  2701 | D:3      | Reached XP level 6. HP: 18/52 MP: 2/11
  4195 | D:4      | Reached XP level 7. HP: 61/61 MP: 7/13
  4588 | D:5      | Entered Level 5 of the Dungeon
  4634 | D:5      | Found a transporter.
  4640 | D:5      | Found a transporter.
  4641 | D:5      | Noticed ratboy's ghost (novice HOGl)
  5642 | D:5      | Reached skill level 5 in Spellcasting
  5756 | D:6      | Noticed Blork the orc
  5756 | D:6      | Noticed Maggie
  5856 | D:6      | Noticed a steam dragon
  5864 | D:6      | Killed a steam dragon
  5865 | D:6      | Reached XP level 8. HP: 30/69 MP: 2/16
  6026 | D:6      | Noticed Dowan
  6191 | D:6      | Killed Blork the orc
  6200 | D:6      | Reached skill level 5 in Dodging
  6510 | D:6      | Found a runed translucent door.
  6511 | D:6      | Noticed Crazy Yiuf
  6620 | D:6      | Killed from afar by Maggie

Illustrated notes

Levels and vault maps discovered:
D:1:      lightli_arrival_maybe_door_vault, layout_loops_corners,
          hellmonk_ecumenical_altar_pennies_from_heaven, serial_bayou_crossing
D:2:      kennysheep_six_static_rooms, layout_rooms, serial_undead,
          serial_undead_a, serial_undead_b, serial_undead_a, serial_undead_e
D:3:      layout_basic, serial_shops, shop, uniq_sigmund, uniq_grinder
D:4:      layout_loops_ring
D:5:      layout_basic, gammafunk_ghost_smash
D:6:      layout_rooms, minmay_temple_entry_hall, uniq_blork_the_orc,
          uniq_maggie, uniq_crazy_yiuf_cottage, uniq_duvessa

Skill      XL: |  1  2  3  4  5  6  7  8 |
---------------+-------------------------+-----
Spellcasting   | 2 3 4 5 6 |  6.1
Necromancy     | 5 6 |  6.8
Fighting       | 1 2 3 |  3.4
Dodging        | 3 4 5 |  5.2
Stealth        | 3 |  3.2

Action                   |  1- 3 |  4- 6 |  7- 9 || total
-------------------------+-------+-------+-------++-------
Melee: Dagger            |    53 |    41 |    46 ||   140
       Spear             |       |    34 |    69 ||   103
 Cast: Pain              |    42 |    17 |    21 ||    80
       Vampiric Draining |    10 |    38 |    32 ||    80
Evoke: Wand              |       |       |     1 ||     1
 Stab: Sleeping          |     3 |       |     1 ||     4
Armor: Robe              |     9 |    45 |    55 ||   109
Dodge: Dodged            |    31 |    65 |   111 ||   207
